 Dungeon Crawl Stone Soup version 0.30-a0-135-g630cfc4551 (webtiles) character file.

Game seed: 14434111675672148581

1135 bande the Cleaver (level 8, -1/103 HPs)
             Began as a Hill Orc Fighter on Sept 21, 2022.
             Was a Follower of Beogh.
             Succumbed to a killer bee's poison
             ... on level 5 of the Dungeon.
             The game lasted 00:08:55 (5222 turns).

bande the Cleaver (Hill Orc Fighter)                Turns: 5222, Time: 00:08:56

Health: -1/103     AC: 15    Str: 19    XL:     8   Next: 36%
Magic:  10/10      EV:  5    Int:  8    God:    Beogh [*.....]
Gold:   280        SH:  5    Dex: 12    Spells: 7/7 levels left

rFire   . . .      SeeInvis .    a - +1 war axe (freeze)
rCold   + . .      Faith    .    c - +0 buckler
rNeg    . . .      Spirit   .    w - +0 plate armour
rPois   .          Reflect  .    b - +1 helmet
rElec   .          Harm     .    q - +0 cloak
rCorr   .          Rampage  .    (no gloves)
Will    .....                    (no boots)
Stlth   ..........               (no amulet)
HPRegen 0.27/turn                n - ring of protection from cold
MPRegen 0.12/turn                (no ring)

@: berserking (expiring), lethally poisoned (-1 -> -11), studying Axes, very
quick
A: no striking features
a: Renounce Religion


You were on level 5 of the Dungeon.
You worshipped Beogh.
Beogh was aware of your devotion.
You visited 1 branch of the dungeon, and saw 5 of its levels.

You collected 294 gold pieces.
You spent 14 gold pieces at shops.

Inventory:

Hand Weapons
 a - a +1 war axe of freezing (weapon)
 p - a +0 flail
 x - the +7 hammer of Dyuhudo {freeze, rPois Will+ Int+2 Dex+4}
   (You found it on level 3 of the Dungeon)

   It freezes those it strikes, dealing additional cold damage.
   It can also slow down cold-blooded creatures.
   Int:       It affects your intelligence (+2).
   Dex:       It affects your dexterity (+4).
   rPois:     It protects you from poison.
   Will:      It increases your willpower.
Armour
 b - a +1 helmet (worn)
 c - a +0 buckler (worn)
 e - a scarf of invisibility
 q - a +0 cloak (worn)
 w - a +0 plate armour (worn)
Jewellery
 l - the ring of Orthodoxy {Ice rElec Str-2 Int+3}
   (You found it on level 2 of the Dungeon)

   [ring of ice]

   It enhances your ice magic.
   Str:       It affects your strength (-2).
   Int:       It affects your intelligence (+3).
   rF:        It makes you vulnerable to fire.
   rC:        It protects you from cold.
   rElec:     It insulates you from electricity.
 n - a ring of protection from cold (left hand)
Wands
 r - a wand of charming (9)
Scrolls
 f - a scroll of enchant armour
 o - 2 scrolls of identify
 t - a scroll of teleportation
 u - a scroll of fog
 v - a scroll of enchant weapon
Potions
 d - a potion of might
 g - 2 potions of haste
 h - 2 potions of magic
 k - 2 potions of brilliance
 m - a potion of resistance
 s - 2 potions of flight {unknown}
 A - 2 potions of curing {unknown}


   Skills:
 + Level 5.5 Fighting
 + Level 9.3 Axes
 + Level 5.3 Armour
 + Level 4.7 Shields
 * Level 3.3 Invocations
 * Level 2.8 Evocations


You had 7 spell levels left.
You didn't know any spells.
Your spell library contained the following spells:

 Spells                   Type           Power      Damage    Failure   Level
 Shock                    Conj/Air       0%         1d3       100%        1
 Sting                    Tmut/Pois      0%         1d3       100%        1
 Poisonous Vapours        Pois/Air       0%         N/A       100%        2
 Ozocubu's Armour         Ice            0%         N/A       100%        3
 Swiftness                Air            0%         N/A       100%        3
 Airstrike                Air            0%         2d(0-16)  100%        4
 Olgreb's Toxic Radiance  Pois           0%         N/A       100%        4
 Ozocubu's Refrigeration  Ice            0%         4d7       100%        7


Dungeon Overview and Level Annotations

Branches:
Dungeon (5/15)             Temple (0/1) D:5

Altars:

Shops:
D:2 [[!


Message History

You feel sick. The killer bee barely misses you.
The killer bee stings you but does no damage.
You slash the killer bee! You freeze the killer bee.
You kill the killer bee!
Beogh accepts your kill.
You feel sick.
Your Axes skill increases to level 9!
You slice the killer bee!! You freeze the killer bee.
You kill the killer bee!
Beogh accepts your kill.
You feel sick.
You feel sick.
The killer bee stings you but does no damage.
The killer bee stings you.
* * * LOW HITPOINT WARNING * * *
You see here a killer bee corpse.
You hit the killer bee. You freeze the killer bee.
The killer bee is lightly wounded.
You feel sick. The killer bee stings you!
* * * LOW HITPOINT WARNING * * *
You miss the killer bee.
The killer bee is lightly wounded.
You feel sick. You block the killer bee's attack. The killer bee stings you.
* * * LOW HITPOINT WARNING * * *
You slash the killer bee! You freeze the killer bee.
You kill the killer bee!
Beogh accepts your kill.
You feel sick.
You miss the killer bee.
You feel sick. You block the killer bee's attack. The killer bee stings you.
* * * LOW HITPOINT WARNING * * *
You are more poisoned.
The killer bee poisons you!
You closely miss the killer bee.
* * * LOW HITPOINT WARNING * * *
You feel sick.
The killer bee stings you but does no damage.
You slash the killer bee! You freeze the killer bee.
The killer bee is severely wounded.
You die...

##########
#......).######
#...........y.
#...........
#.........#
#.........#
#.........#
#######y#.#
#@#.# ####.#.#
#####....#.# .
#.....####.#
...#.....####.#
........>.....#
..#...[.#####..
# #####...###.#
#.#.....#


You could see a killer bee.

Vanquished Creatures
  Sigmund (D:2)
  An ogre (D:4)
  3 scorpions
  A gnoll sergeant (D:5)
  5 killer bees (D:5)
  A gnoll bouda (D:4)
  Crazy Yiuf (D:3)
  Jessica (D:2)
  3 iguanas
  Terence (D:2)
  9 gnolls
  6 adders
  An ufetubus (D:5)
  3 worms
  6 dart slugs
  3 orcs
  11 ball pythons
  13 bats
  9 endoplasms
  4 giant cockroaches
  12 goblins
  2 hobgoblins
  4 jackals
  4 quokkas
  2 frilled lizards
  11 kobolds
  5 rats
123 creatures vanquished.

Vanquished Creatures (others)
  An orc wizard (D:3)
  A quokka (D:3)
  A fungus (D:3)
3 creatures vanquished.

Grand Total: 126 creatures vanquished

Notes
Turn   | Place    | Note
-------+----------+-------------------------------------------
     0 | D:1      | bande the Hill Orc Fighter began the quest for the Orb.
     0 | D:1      | Reached XP level 1. HP: 19/19 MP: 1/1
   137 | D:1      | Found a faded altar of an unknown god.
   159 | D:1      | Reached skill level 3 in Axes
   159 | D:1      | Reached XP level 2. HP: 18/24 MP: 2/2
   499 | D:1      | Reached XP level 3. HP: 32/32 MP: 3/3
  1030 | D:2      | Identified the ring of Orthodoxy {Ice rElec Str-2 Int+3}
  1053 | D:2      | Reached skill level 4 in Axes
  1065 | D:2      | Found Ipaobb's Antique Armour Shoppe.
  1073 | D:2      | Reached XP level 4. HP: 40/40 MP: 4/4
  1089 | D:2      | Found Ranlanwe's Armour Boutique.
  1244 | D:2      | Noticed Terence
  1248 | D:2      | Killed Terence
  1342 | D:2      | Noticed Sigmund
  1353 | D:2      | Killed Sigmund
  1354 | D:2      | Reached skill level 6 in Axes
  1354 | D:2      | Reached XP level 5. HP: 27/47 MP: 5/5
  1354 | D:2      | Reached XP level 6. HP: 31/53 MP: 6/6
  1486 | D:2      | Found Jaivuhi's Distillery.
  1524 | D:2      | Bought a potion of degeneration for 14 gold pieces
  1756 | D:2      | Noticed Jessica
  1761 | D:2      | Killed Jessica
  2372 | D:3      | Became a worshipper of Beogh the Brigand
  2789 | D:3      | Found a runed translucent door.
  2790 | D:3      | Noticed Crazy Yiuf
  3260 | D:3      | Killed Crazy Yiuf
  3266 | D:3      | Identified the +7 hammer of Dyuhudo {freeze, rPois Will+
                  | Int+2 Dex+4}
  3484 | D:4      | Reached skill level 1 in Evocations
  3484 | D:4      | Reached XP level 7. HP: 53/59 MP: 7/7
  3530 | D:4      | Reached skill level 7 in Axes
  3530 | D:4      | Reached skill level 1 in Invocations
  4301 | D:4      | Reached skill level 5 in Fighting
  4602 | D:4      | Reached * piety under Beogh
  4603 | D:4      | Reached skill level 5 in Armour
  4635 | D:4      | Identified a scroll of acquirement
  4635 | D:4      | Acquired a manual of Axes
  4745 | D:5      | Entered Level 5 of the Dungeon
  4770 | D:5      | Reached skill level 8 in Axes
  4907 | D:5      | Found a staircase to the Ecumenical Temple.
  4923 | D:5      | Reached XP level 8. HP: 43/68 MP: 9/9
  5215 | D:5      | Reached skill level 9 in Axes
  5220 | D:5      | HP: 3/103 [killer bee (4)]
  5221 | D:5      | HP: 1/103 [poisoned by a killer bee]
  5222 | D:5      | Succumbed to a killer bee's poison

Illustrated notes

Levels and vault maps discovered:
D:1:      eino_arrival_tree_alley, layout_rooms,
          dreamdust_ecumenical_altar_grove, reono_crystal_passage,
          minmay_heptomino_h4
D:2:      layout_loops_ring, serial_shops, shop,
          nicolae_shop_temple_entry_statues_fountains, shop_statue,
          item_on_display_a, uniq_jessica, uniq_terence, uniq_sigmund
D:3:      layout_loops_corners, minmay_vboxes, uniq_crazy_yiuf_cottage
D:4:      layout_basic, kennysheep_generic_room_3
D:5:      layout_basic, minmay_temple_entry_junction, gammafunk_ghost_hive

Skill      XL: |  1  2  3  4  5  6  7  8 |
---------------+-------------------------+-----
Axes           | 3 4 6 8 9 |  9.3
Fighting       | 4 5 |  5.5
Armour         | 4 5 |  5.3
Shields        | 4 |  4.7
Evocations     | 1 2 |  2.8
Invocations    | 2 3 |  3.3

Action                   |  1- 3 |  4- 6 |  7- 9 || total
-------------------------+-------+-------+-------++-------
Melee: War axe           |    94 |   145 |   114 ||   353
Invok: Convert to Beogh  |       |     1 |       ||     1
  Use: Potion            |       |     1 |     2 ||     3
       Scroll            |       |    13 |     2 ||    15
Armor: Scale mail        |    44 |     9 |       ||    53
       Chain mail        |       |    45 |       ||    45
       Plate armour      |       |    18 |    92 ||   110
Dodge: Dodged            |    45 |    34 |    19 ||    98
Block: Buckler           |    31 |    30 |    33 ||    94

Table legend: (Time is in decaauts)
 A = Elapsed time spent in this place.
 B = Non-inter-level travel time spent in this place.
 C = Inter-level travel time spent in this place.
 D = Time resting spent in this place.
 E = Time spent auto-exploring this place.
 F = Levels seen in this place.
 G = Mean time per level.
                   A        B        C        D        E       F      G
               +--------+--------+--------+--------+--------+-----+--------+
         Total |   5298 |   5122 |    176 |    601 |   3612 |   5 | 1059.6 |
       Dungeon |   5298 |   5122 |    176 |    601 |   3612 |   5 | 1059.6 |
               +--------+--------+--------+--------+--------+-----+--------+

Top non-repeatable levels by time:
     D:3: 1596 daAuts
     D:4: 1339 daAuts
     D:2: 1157 daAuts
     D:1: 728 daAuts
     D:5: 476 daAuts
